 Dungeon Crawl Stone Soup version 0.30-a0-777-ga9a30cbeda (webtiles) character file.

Game seed: 12892655650878329257

409 bande the Chopper (level 6, -1/39 HPs)
             Began as a Gargoyle Fighter on Feb 13, 2023.
             Was a Follower of Okawaru.
             Slain by an iguana (6 damage)
             ... on level 5 of the Dungeon.
             The game lasted 00:06:53 (3090 turns).

bande the Chopper (Gargoyle Fighter)                Turns: 3090, Time: 00:06:54

Health: -1/39      AC: 15    Str: 19    XL:     6   Next: 89%
Magic:  0/7        EV: 14    Int:  9    God:    Okawaru [*.....]
Gold:   228        SH:  4    Dex: 11    Spells: 5/5 levels left

rFire   . . .      SeeInvis .    a - +1 war axe
rCold   . . .      Faith    .    c - +0 buckler
rNeg    + . .      Spirit   +    b - +0 scale mail
rPois   ∞          Reflect  .    t - +2 hat
rElec   +          Harm     .    e - +0 cloak
rCorr   .          Rampage  .    i - +0 pair of gloves
Will    .....                    (no boots) Stlth
                                 j - amulet of guardian spirit
HPRegen 0.26/turn                m - +5 ring of evasion
MPRegen 0.10/turn                (no ring)

@: no status effects
A: sickness immunity, AC +4, negative energy resistance 1, electricity
resistance, torment resistance 1, petrification resistance
a: Renounce Religion, Heroism


You were on level 5 of the Dungeon.
You worshipped Okawaru.
Okawaru was aware of your devotion.
You visited 2 branches of the dungeon, and saw 6 of its levels.

You collected 228 gold pieces.

Inventory:

Hand Weapons
 a - a +1 war axe (weapon)
 k - a +0 flail
Armour
 b - a +0 scale mail (worn)
 c - a +0 buckler (worn)
 e - a +0 cloak (worn)
 i - a +0 pair of gloves (worn)
 t - a +2 hat (worn)
Jewellery
 h - a ring of positive energy
 j - an amulet of guardian spirit (around neck)
 l - an amulet of magic regeneration
 m - a +5 ring of evasion (left hand)
Wands
 f - a wand of flame (25)
Scrolls
 n - 2 scrolls of blinking
Potions
 d - 2 potions of might
 g - 2 potions of flight
 o - 2 potions of heal wounds
 p - 2 potions of curing
 q - a potion of invisibility
 r - a potion of mutation {unknown}


   Skills:
 + Level 4.3 Fighting
 + Level 4.7 Axes
 + Level 4.0 Armour
 + Level 4.3 Shields
 * Level 1.5 Invocations
 * Level 0.8 Evocations


You had 5 spell levels left.
You didn't know any spells.
Your spell library contained the following spells:

 Spells                   Type           Power      Damage    Failure   Level
 Magic Dart               Conj           0%         1d3       83%         1
 Ensorcelled Hibernation  Hex/Ice        0%         N/A       93%         2
 Mephitic Cloud           Conj/Pois/Air  0%         N/A       99%         3
 Spider Form              Tmut/Pois      0%         N/A       99%         3
 Vhi's Electric Charge    Tloc/Air       0%         N/A       99%         3
 Anguish                  Hex/Necr       0%         N/A       100%        4
 Arcjolt                  Conj/Air       0%         1d10      100%        5
 Maxwell's Capacitive Co  Air            0%         ∞         100%        8
 Call Imp                 Summ           Unusable   N/A       N/A         2

Dungeon Overview and Level Annotations

Branches:
Dungeon (5/15)             Temple (1/1) D:4

Altars:
Ashenzari
Dithmenos
Elyvilon
Hepliaklqana
Kikubaaqudgha
Makhleb
Okawaru
Sif Muna
Uskayaw
Xom

Shops:
D:2 ?


Innate Abilities, Weirdness & Mutations

You are immune to sickness and miasma.
Your stone body is resilient. (AC +4)
You are immune to poison.
You resist negative energy. (rN+)
You are resistant to electric shocks. (rElec)
You are resistant to unholy torment.
You are immune to petrification.


Message History

The ice beast completely misses you.
You hit the ice beast but do no damage.
The ice beast is heavily wounded.
You hit the iguana. The iguana barely misses you.
The ice beast closely misses you.
You closely miss the ice beast.
The ice beast is heavily wounded.
You completely miss the iguana. The iguana closely misses you.
The ice beast barely misses you. The iguana barely misses you.
The ice beast hits you but does no damage.
You barely miss the ice beast.
The ice beast is heavily wounded.
You hit the iguana. The iguana bites you. The ice beast closely misses you.
You hit the ice beast.
The ice beast is heavily wounded.
You hit the iguana but do no damage. The iguana misses you.
The ice beast misses you.
You slash the ice beast!
The ice beast is almost dead.
You closely miss the iguana. The iguana bites you!
* * * LOW HITPOINT WARNING * * *
You block the ice beast's attack.
You hit the ice beast.
You kill the ice beast!
Okawaru is honoured by your kill.
You can now gain great but temporary skills.
You closely miss the iguana. The iguana closely misses you.
The iguana bites you.
* * * LOW HITPOINT WARNING * * *
Your Armour skill increases to level 4!
You block the iguana's attack.
There is a stone staircase leading up here.
You closely miss the iguana.
The iguana is severely wounded.
The iguana bites you.
* * * LOW HITPOINT WARNING * * *
You completely miss the iguana.
The iguana is severely wounded.
The iguana bites you!
You die...

.. ##.# ...
#... ... ...
.... . .. .....
..# #.###.....
....##.........
.......@l#
........##
...##..<†# .
#......
#.##...# .$
..... ...
..#..# ..#.
.##### #.. ..


You could see an iguana.

Vanquished Creatures
  An ice beast (D:5)
  A howler monkey (D:4)
  A hound (D:3)
  Crazy Yiuf (D:2)
  An orc priest (D:3)
  Jessica (D:2)
  An iguana (D:5)
  3 adders (D:4)
  3 worms
  4 dart slugs
  13 orcs
  11 endoplasms
  A giant cockroach (D:2)
  5 goblins
  5 hobgoblins
  8 jackals
  3 quokkas (D:2)
  3 ball pythons
  2 bats
  3 frilled lizards
  6 kobolds
  3 rats
80 creatures vanquished.

Vanquished Creatures (others)
  4 fungi (D:2)
  17 plants (D:1)
21 creatures vanquished.

Grand Total: 101 creatures vanquished

Notes
Turn   | Place    | Note
-------+----------+-------------------------------------------
     0 | D:1      | bande the Gargoyle Fighter began the quest for the Orb.
     0 | D:1      | Reached XP level 1. HP: 14/14 MP: 1/1
   250 | D:1      | Reached XP level 2. HP: 19/19 MP: 2/2
   936 | D:2      | Reached XP level 3. HP: 23/23 MP: 3/3
   950 | D:2      | Found Ypsos's Magic Scroll Shop.
  1339 | D:2      | Noticed Jessica
  1350 | D:2      | Killed Jessica
  1351 | D:2      | Reached XP level 4. HP: 29/29 MP: 4/4
  1353 | D:2      | Got Jessica's Almanac of Ensorcelling
  1508 | D:2      | Found a runed translucent door.
  1509 | D:2      | Noticed Crazy Yiuf
  1517 | D:2      | Killed Crazy Yiuf
  1565 | D:3      | Found a faded altar of an unknown god.
  1636 | D:3      | Reached XP level 5. HP: 31/33 MP: 5/5
  2066 | D:4      | Found a staircase to the Ecumenical Temple.
  2085 | Temple   | Entered the Ecumenical Temple
  2091 | Temple   | Became a worshipper of Warmaster Okawaru
  2502 | D:4      | Found a shimmering altar of Xom.
  2525 | D:4      | Reached XP level 6. HP: 38/38 MP: 6/6
  2625 | D:4      | Reached skill level 1 in Invocations
  2628 | D:4      | Found a hazy altar of Hepliaklqana.
  3063 | D:5      | Entered Level 5 of the Dungeon
  3066 | D:5      | Noticed an ice beast
  3087 | D:5      | Killed an ice beast
  3087 | D:5      | Reached * piety under Okawaru
  3090 | D:5      | Slain by an iguana

Illustrated notes

Levels and vault maps discovered:
D:1:      lightli_arrival_quake, layout_loops_ring, kennysheep_boxes
D:2:      layout_basic, serial_shops, shop, kennysheep_jessica_study,
          uniq_crazy_yiuf_cottage
D:3:      layout_rooms, nicolae_ecumenical_oubliette
D:4:      layout_cave_pods, mainiacjoe_overflow_alcove_2,
          mainiacjoe_overflow_small_starburst,
          minmay_temple_entry_statues_fountains
D:5:      layout_cave_pools, lemuel_doored_altar, kennysheep_generic_room_16
Temple:   eino_narrow_crystal_temple

Skill      XL: |  1  2  3  4  5  6 |
---------------+-------------------+-----
Axes           | 2 3 4 |  4.7
Shields        | 4 |  4.3
Fighting       | 4 |  4.3
Invocations    | 1 |  1.5
Armour         | 4 |  4.0
Evocations     | |  0.8

Action                     |  1- 3 |  4- 6 || total
---------------------------+-------+-------++-------
  Melee: War axe           |    84 |   152 ||   236
    Use: Scroll            |       |    13 ||    13
 Armour: Scale mail        |    34 |    62 ||    96
  Dodge: Dodged            |    57 |   110 ||   167
  Block: Buckler           |    26 |    33 ||    59

Table legend: (Time is in decaauts)
 A = Elapsed time spent in this place.
 B = Non-inter-level travel time spent in this place.
 C = Inter-level travel time spent in this place.
 D = Time resting spent in this place.
 E = Time spent auto-exploring this place.
 F = Levels seen in this place.
 G = Mean time per level.
                   A        B        C        D        E       F      G
               +--------+--------+--------+--------+--------+-----+--------+
         Total |   3164 |   2831 |    333 |      0 |   2138 |   6 |  527.3 |
       Dungeon |   3152 |   2819 |    333 |      0 |   2138 |   5 |  630.4 |
        Temple |     12 |     12 |      0 |      0 |      0 |   1 |   12.0 |
               +--------+--------+--------+--------+--------+-----+--------+

Top non-repeatable levels by time:
     D:4: 1019 daAuts
     D:1: 822 daAuts
     D:2: 811 daAuts
     D:3: 464 daAuts
     D:5: 34 daAuts
  Temple: 12 daAuts
